Match 42448485
Unlisted

Match 42448485
End
Kradschützen Motorcycle Team
Selects Italian Infantry
Panzergrenadier Squad
Panzergrenadier Squad
Construct Light Support Kompanie
MG34 Team
Assault Grenadier Squad
Selects Guastatori Squad
Guastatori Squad
Fire Support Elements
Pak 38 Anti-tank Gun Team
2.5-tonne Medical Truck
Selects L6/40 Light Tank Combat Group
Construct Panzerarmee Kommand
Selects Defensive Operations
Selects Prepared Positions
Panzer III L Medium Tank
Guastatori Squad
Panzer III L Medium Tank
Tungsten Core Ammunition
Walking Stuka Rocket Launcher
Selects Obice 305mm Barrage
Advanced Optics
Guastatori Squad
Obice 305mm Barrage
Armored Reserves
ICH BIN SCHNAPPI
TidaL
0
0

Comments sign in to comment!

No comments posted yet!